 Dungeon Crawl Stone Soup version 0.26-a0-737-g4e9f4955e2 (webtiles) character file.

Game seed: 4656813481772441239

537 somkeydreadnuts the Geomancer (level 7, -6/36 HPs)
             Began as a Gargoyle Earth Elementalist on Nov 4, 2020.
             Mangled by a mummy (13 damage)
             ... in an ossuary on Nov 5, 2020.
             The game lasted 00:20:41 (3642 turns).

somkeydreadnuts the Geomancer (GrEE)                Turns: 3642, Time: 00:20:44

Health: -6/36      AC:  6    Str:  9 (12) XL:     7   Next: 25%
Magic:  1/10       EV: 12    Int: 14 (17) God:
Gold:   215        SH:  0    Dex:  7 (10) Spells: 8/10 levels left

rFire    . . .     SeeInvis +   a - +1 dagger
rCold    . . .     Faith    .   (no shield)
rNeg     + . .     Spirit   .   c - +0 robe
rPois    ∞         Reflect  .   (no helmet)
rElec    +         Harm     .   (no cloak)
rCorr    .         Rampage  .   (no gloves)
MR       .....                  (no boots)
Stlth    ++........             (no amulet)
HPRegen  0.12/turn              n - ring of see invisible
MPRegen  0.12/turn              (no ring)

@: no status effects
A: negative energy resistance 1, electricity resistance, unbreathing,
petrification resistance, rot immunity, AC +4
a: no special abilities


You were in an ossuary.
You visited 1 branch of the dungeon, and saw 4 of its levels.
You also visited: Ossuary.

You collected 215 gold pieces.

Inventory:

Hand Weapons
 a - a +1 dagger (weapon)
Missiles
 b - 75 stones (quivered)
Armour
 c - a +0 robe (worn)
 q - +0 pearl dragon scales
Jewellery
 n - a ring of see invisible (left hand)
Wands
 d - a wand of iceblast (12)
 m - a wand of flame (14)
 s - a wand of disintegration (12)
Scrolls
 f - 4 scrolls of identify {unknown}
 g - 2 scrolls of teleportation
 h - 3 scrolls of noise {unknown}
 i - 4 scrolls of magic mapping {unknown}
 k - a scroll of random uselessness {unknown}
Potions
 e - a potion of curing {unknown}
 j - a potion of degeneration


   Skills:
 - Level 1.5 Dodging
 - Level 2.2 Stealth
 - Level 2.0 Spellcasting
   Level 0.7 Transmutations
 + Level 9.6 Earth Magic


You had 8 spell levels left.
You knew the following spells:

 Your Spells              Type           Power        Failure   Level
a - Sandblast             Erth           ####..       1%          1
b - Pain                  Necr           #...         24%         1

Your spell library contained the following spells:

 Spells                   Type           Power        Failure   Level
 Passwall                 Tmut/Erth      ###.....     4%          2
 Stone Arrow              Conj/Erth      ##....       10%         3
 Lee's Rapid Deconstruct  Erth           ####......   12%         5
 Animate Skeleton         Necr           #.....       24%         1
 Petrify                  Tmut/Erth      ###.....     28%         4
 Vampiric Draining        Necr           #.........   56%         3
 Animate Dead             Necr           #.........   93%         4
 Agony                    Necr           #.......     100%        5


Dungeon Overview and Level Annotations

Branches:
Dungeon (4/15)            Ossuary (1/1)
 Temple: D:4-7

Altars:
Dithmenos

Annotations:
D:3 Natasha


Innate Abilities, Weirdness & Mutations

You are resistant to torment.
Your stone body is resilient. (AC +4)
You are immune to poison.
You resist negative energy. (rN+)
You are resistant to electric shocks. (rElec)
You can survive without breathing.
You are immune to petrification.
You are immune to rotting.


Message History

You hit the mummy.
The mummy is lightly damaged.
It was a potion of degeneration.
There was something very wrong with that liquid.
You feel weakened.
You feel dopey.
You feel clumsy. The mummy barely misses you.
Casting: Sandblast (safe; 1% risk of failure)
Confirm with . or Enter, or press ? or * to list all spells.
You don't have enough magic to cast that spell.
Unknown command.
Unknown command.
Unknown command.
Aiming: Throw Flame
Press: ? - help, Shift-Dir - straight line, f - mummy
Aim: a mummy (lightly damaged)
The puff of flame misses the mummy.
The puff of flame hits the worker ant zombie!
The worker ant zombie is almost destroyed.
The mummy hits you!
You die...

##### #..∩#
#.∩.###
#.@.#.#
#.##M##'##≈##.
+...Z.....≈≈≈≈
#+#'#'#'#+#+#≈
#.#.#.#
#######


You could see a mummy and a worker ant zombie.

Vanquished Creatures
  A scorpion (D:4)
  A bullfrog zombie (Ossuary)
  3 centaur zombies (Ossuary)
  An orc wizard (D:1)
  Jessica (D:3)
  Natasha (D:3)
  An iguana (D:4)
  3 worker ants
  3 mummies (Ossuary)
  4 adders (D:2)
  An ooze (D:1)
  An adder zombie (Ossuary)
  A worm (D:2)
  3 dart slugs
  4 leopard geckos
  6 orcs
  6 giant cockroaches
  7 goblins
  8 hobgoblins
  4 jackals (D:1)
  5 kobolds
  7 bats
  7 frilled lizards
  A jackal zombie (Ossuary)
  10 rats
90 creatures vanquished.

Notes
Turn   | Place    | Note
-------+----------+-------------------------------------------
     0 | D:1      | somkeydreadnuts the Gargoyle Earth Elementalist began the
                  | quest for the Orb.
     0 | D:1      | Reached XP level 1. HP: 10/10 MP: 3/3
   215 | D:1      | Reached skill level 4 in Earth Magic
   233 | D:1      | Reached XP level 2. HP: 13/15 MP: 3/5
   763 | D:1      | Reached XP level 3. HP: 19/19 MP: 4/6
   856 | D:1      | Reached skill level 5 in Earth Magic
  1551 | D:1      | Reached skill level 6 in Earth Magic
  1551 | D:1      | Reached XP level 4. HP: 23/24 MP: 3/7
  2069 | D:2      | Reached XP level 5. HP: 28/28 MP: 8/8
  2543 | D:2      | Found a shadowy altar of Dithmenos.
  2617 | D:3      | Noticed Jessica
  2621 | D:3      | Killed Jessica
  2621 | D:3      | Reached skill level 7 in Earth Magic
  2662 | D:3      | Learned a level 1 spell: Pain
  2719 | D:3      | Noticed Natasha
  2724 | D:3      | Killed Natasha
  2855 | D:3      | Found a faded altar of an unknown god.
  2963 | D:3      | Reached XP level 6. HP: 24/32 MP: 4/9
  3092 | D:3      | Reached skill level 8 in Earth Magic
  3189 | D:3      | Noticed Natasha
  3572 | D:4      | Found a sand-covered staircase.
  3584 | Ossuary  | Entered an ossuary
  3600 | Ossuary  | Reached skill level 9 in Earth Magic
  3621 | Ossuary  | Reached XP level 7. HP: 33/36 MP: 4/10
  3642 | Ossuary  | Mangled by a mummy

Illustrated notes

Levels and vault maps discovered:
D:1:      dpeg_arrival_arbitrary_b, layout_basic, dk_noncrumbling_2
D:2:      layout_rooms, lemuel_coloured_pillars_altar, serial_glass,
          glass_columns_b, glass_columns_b
D:3:      layout_rooms, chequers_ecumenical_altar_twisty, uniq_jessica,
          uniq_natasha
D:4:      layout_basic, chequers_ossuary_entry_cave, grunt_decor_cap,
          tgw_kikubaaqudgha
Ossuary:  ossuary_zaba_flooded

Skill      XL: |  1  2  3  4  5  6 |
---------------+-------------------+-----
Earth Magic    | 4 6 7 9 |  9.6
Dodging        | |  1.5
Stealth        | |  2.2
Spellcasting   | |  2.0
Transmutations | |  0.7

Action                   |  1- 3 |  4- 6 |  7- 9 || total
-------------------------+-------+-------+-------++-------
Melee: Dagger            |    88 |   113 |     8 ||   209
 Cast: Sandblast         |    33 |    63 |     7 ||   103
Evoke: Wand              |       |       |     2 ||     2
  Use: Potion            |       |     5 |     1 ||     6
       Scroll            |       |     3 |       ||     3
 Stab: Sleeping          |       |     3 |       ||     3
Armor: Robe              |    34 |    31 |     3 ||    68
Dodge: Dodged            |    75 |    97 |    12 ||   184

Table legend: (Time is in decaauts)
 A = Elapsed time spent in this place.
 B = Non-inter-level travel time spent in this place.
 C = Inter-level travel time spent in this place.
 D = Time resting spent in this place.
 E = Time spent auto-exploring this place.
 F = Levels seen in this place.
 G = Mean time per level.
                   A        B        C        D        E       F      G
               +--------+--------+--------+--------+--------+-----+--------+
         Total |   3622 |   3614 |      8 |      0 |   2302 |   5 |  724.4 |
       Dungeon |   3565 |   3557 |      8 |      0 |   2302 |   4 |  891.2 |
       Ossuary |     57 |     57 |      0 |      0 |      0 |   1 |   57.0 |
               +--------+--------+--------+--------+--------+-----+--------+

Top non-repeatable levels by time:
     D:1: 1710 daAuts
     D:2: 909 daAuts
     D:3: 810 daAuts
     D:4: 135 daAuts
 Ossuary: 57 daAuts
